Map: Orbital Shipyard

Players

Bop - Winner!

  • Race: Terran Terran

CranK

  • Race: Terran Terran

VOD

Have the link to the VOD?

Description

Time

  • Played on: May 3, 2015, 1:39 a.m.
  • Length: 4:37
Show
View Real Time Build Order
Export as new Build Order

Bop Terran - Winner!

Build Orders:  

Get SALT Encoding   

  12  0:01  SCV  
  13  0:13  SCV  
  14  0:17  Supply Depot  
  14  0:25  SCV  
  15  0:40  SCV  
  15  0:41  Refinery  
  16  0:43  Barracks  
  16  0:53  SCV  
  17  1:03  Barracks  
  17  1:06  SCV  
  18  1:13  Supply Depot  
  18  1:20  SCV  
  19  1:32  Reaper  
  21  1:37  Orbital Command  
  20  1:50  Reaper  
  21  1:55  Barracks  
  21  1:58  Barracks  
  21  2:02  SCV  
  21  2:05  Reaper  
  23  2:12  Refinery  
  23  2:15  SCV  
  24  2:23  Reaper  
  24  2:27  SCV  
  26  2:39  Reaper  
  27  2:48  SCV  
  28  2:56  Reaper  
  29  3:00  SCV  
  29  3:02  Command Center  
  29  3:06  Reaper  
  29  3:12  SCV  
  31  3:19  Supply Depot  
  31  3:22  Reaper  
  32  3:35  Reaper  
  32  3:41  Reaper  
  33  3:50  Reaper  
  33  3:53  SCV  
  35  3:59  Supply Depot, Reaper  
  35  4:02  Command Center  
  36  4:13  SCV  
  36  4:15  SCV  
Show
View Real Time Build Order
Export as new Build Order

CranK Terran 

Build Orders: Command Center First (CC) 

Get SALT Encoding   

  12  0:01  SCV  
  13  0:13  SCV  
  14  0:22  Supply Depot  
  14  0:25  SCV  
  15  0:43  SCV  
  16  0:55  SCV  
  17  1:07  Command Center, SCV  
  18  1:19  SCV  
  18  1:24  Barracks  
  19  1:30  Refinery  
  19  1:32  SCV  
  20  1:44  SCV  
  21  1:56  SCV  
  22  2:12  Orbital Command  
  22  2:13  Marine  
  23  2:21  Barracks, Orbital Command  
  23  2:28  Barracks  
  23  2:31  Marine  
  24  2:45  SCV  
  24  2:48  SCV, Marine  
  27  2:57  SCV  
  27  3:00  SCV  
  28  3:06  Marine  
  28  3:08  Barracks Tech Lab  
  28  3:16  SCV  
  28  3:19  SCV  
  28  3:21  Marine  
  28  3:24  Marine  
  30  3:28  SCV  
  30  3:30  Marine  
  30  3:39  Marine  
  27  3:42  Marine  
  27  3:45  SCV  
  27  3:46  SCV  
  27  3:47  Marine  
  30  3:56  Bunker  
  30  3:57  Marine  
  30  4:00  Marine  
  30  4:02  SCV x2  
  34  4:05  Marine  
  30  4:14  SCV  
  30  4:15  Marine  
  30  4:18  Marine  
Tags
 
Add a new tag
Caveats
  • Supply blocks, unpowered buildings, or Contaminate may cause inaccurate times.
  • Supply counts are checked every 10 seconds.